 Dungeon Crawl Stone Soup version 0.30-a0-311-gf115ab0292 (webtiles) character file.

Game seed: 16157161784029490919

12705 jasper the Grappler (level 11, -3/84 HPs)
             Began as a Demonspawn Cinder Acolyte on Oct 25, 2022.
             Was an Initiate of Ignis.
             Splashed by a brown ugly thing's acid (8 damage)
             ... on level 10 of the Dungeon.
             The game lasted 00:33:08 (13515 turns).

jasper the Grappler (Demonspawn Cinder Acolyte)    Turns: 13515, Time: 00:33:08

Health: -3/84      AC:  1    Str: 16    XL:     11   Next: 65%
Magic:  12/12      EV: 13    Int: 16    God:    Ignis [......]
Gold:   732        SH:  4    Dex: 17    Spells: 2/12 levels left

rFire   + . .      SeeInvis .      - Unarmed
rCold   . . .      Faith    .    (no shield)
rNeg    . . .      Spirit   .    R - +0 swamp dragon scales
rPois   +          Reflect  .    i - +1 helmet
rElec   .          Harm     .    n - +0 cloak
rCorr   .          Rampage  .    (no gloves)
Will    .....                    l - +0 pair of boots
Stlth   +.........               m - amulet of the acrobat
HPRegen 0.34/turn                f - ring of poison resistance
MPRegen 0.13/turn                y - +6 ring of dexterity

@: corroded
A: sturdy frame 2, condensation shield, demonic magic 1, demonic touch 2
a: Renounce Religion, Rising Flame


You were on level 10 of the Dungeon.
You worshipped Ignis.
Ignis was noncommittal.
You visited 1 branch of the dungeon, and saw 11 of its levels.
You also visited: Bailey.

You collected 732 gold pieces.

Inventory:

Hand Weapons
 p - a +1 sling of draining
Missiles
 c - 112 stones
 g - 38 poisoned darts (quivered)
 v - 7 curare-tipped darts
 S - a throwing net
Armour
 a - a +0 robe
 i - a +1 helmet (worn)
 j - a +0 scale mail
 l - a +0 pair of boots (worn)
 n - a +0 cloak (worn)
 q - a +0 chain mail
 A - a +2 ring mail of willpower
 C - +0 steam dragon scales
 R - +0 swamp dragon scales (worn)
 U - a +0 troll leather armour
Jewellery
 e - a ring of magical power
 f - a ring of poison resistance (left hand)
 m - an amulet of the acrobat (around neck)
 o - a ring of flight
 y - a +6 ring of dexterity (right hand)
 Q - a +6 ring of intelligence
Wands
 u - a wand of flame (33)
 x - a wand of roots (14)
 B - a wand of light (4)
 P - a wand of mindburst (6)
Scrolls
 b - 3 scrolls of blinking
 D - a scroll of immolation
 E - a scroll of amnesia
 G - 3 scrolls of brand weapon
 J - 4 scrolls of enchant weapon
 K - a scroll of enchant armour
 L - 3 scrolls of summoning
 T - a scroll of teleportation
Potions
 d - 6 potions of mutation
 h - 5 potions of brilliance
 k - 3 potions of flight
 r - 4 potions of curing
 s - 3 potions of heal wounds
 t - 4 potions of haste
 w - 2 potions of ambrosia
 z - a potion of berserk rage {unknown}
 F - a potion of resistance {unknown}
 H - a potion of attraction {unknown}
 I - 3 potions of cancellation {unknown}
 M - a potion of invisibility {unknown}
 N - a potion of lignification {unknown}
 O - a potion of might


   Skills:
 - Level 7.0 Fighting
 - Level 4.4 Armour
 - Level 4.0 Dodging
 - Level 10.0 Unarmed Combat
 - Level 1.0 Spellcasting
 + Level 2.4 Conjurations
 - Level 5.1 Hexes
 - Level 4.0 Translocations
 - Level 9.0 Transmutations
 - Level 2.6 Fire Magic
 + Level 2.2 Air Magic
 + Level 2.4 Poison Magic


You had 2 spell levels left.
You knew the following spells:

 Your Spells              Type           Power      Damage    Failure   Level
a - Tukima's Dance        Hex            17%        N/A       10%         3
b - Blink                 Tloc           26%        N/A       8%          2
c - Wereblood             Tmut           29%        N/A       1%          2
d - Mephitic Cloud        Conj/Pois/Air  8%         N/A       28%         3

Your spell library contained the following spells:

 Spells                   Type           Power      Damage    Failure   Level
 Beastly Appendage        Tmut           58%        N/A       1%          1
 Magic Dart               Conj           32%        1d4       10%         1
 Momentum Strike          Conj/Tloc      22%        3d8       10%         2
 Scorch                   Fire           18%        2d5       13%         2
 Ensorcelled Hibernation  Hex/Ice        18%        N/A       14%         2
 Searing Ray              Conj           16%        2d5       14%         2
 Kiss of Death            Conj/Necr      16%        2d6       16%         1
 Freeze                   Ice            0%         1d3       26%         1
 Necrotise                Necr           0%         1d4       26%         1
 Call Imp                 Summ           0%         N/A       36%         2
 Spider Form              Tmut/Pois      19%        N/A       7%          3
 Confusing Touch          Hex            17%        N/A       10%         3
 Lesser Beckoning         Tloc           26%        N/A       14%         3
 Yara's Violent Unravell  Hex/Tmut       11%        3d6       36%         5
 Hailstorm                Conj/Ice       4%         3d4       43%         3
 Passage of Golubria      Tloc           13%        N/A       43%         4
 Fulminant Prism          Conj/Hex       6%         3d7       47%         4
 Frozen Ramparts          Ice            0%         1d1       58%         3
 Vampiric Draining        Necr           0%         2d6       58%         3
 Anguish                  Hex/Necr       4%         N/A       65%         4
 Dispel Undead            Necr           0%         3d6       94%         4
 Agony                    Necr           0%         N/A       100%        5


Dungeon Overview and Level Annotations

Branches:
Dungeon (11/15)            Temple (0/1) D:6            Lair (0/5) D:9
    Orc (0/2) D:9          Bailey (visited)

Altars:
Ashenzari
Cheibriados
Gozag
Hepliaklqana
Trog
Vehumet

Shops:
D:4 (   D:6 *

Annotations:
D:7 1 runed translucent door, hikkokomori's ghost, novice TeHu
D:10 2 runed translucent doors, dang3rdave's ghost, novice HOMo


Innate Abilities, Weirdness & Mutations

Your movements are less encumbered by armour. (ER -4)
A meltable shield of frost defends you. (SH +4)
Spells you cast may paralyse adjacent enemies.
Your touch may inflict irresistible damage on your foes.


Message History

The brown ugly thing bites you but does no damage.
The centaur shoots an arrow.
The arrow hits you. The brown ugly thing bites you. The acid corrodes you!
You are splashed with acid.
There is a stone staircase leading up, spattered with blood here.
You take 14 damage, and have 70/84 hp.
The centaur shoots an arrow.
You block the arrow. The brown ugly thing bites you!
You are splashed with acid.
You climb upwards.
Level annotation: 2 runed translucent doors, dang3rdave's ghost, novice HOMo
There is a stone staircase leading down here.
You take 11 damage, and have 59/84 hp.
You hit the brown ugly thing but do no damage.
The brown ugly thing barely misses you.
You hit the brown ugly thing but do no damage.
You touch the brown ugly thing.
The brown ugly thing is lightly wounded.
You barely miss the brown ugly thing.
You touch the brown ugly thing!
The brown ugly thing is moderately wounded.
The brown ugly thing bites you.
You are splashed with acid!
You take 14 damage, and have 46/84 hp.
You punch the brown ugly thing! Your touch misses the brown ugly thing.
The brown ugly thing is moderately wounded.
The brown ugly thing bites you but does no damage.
You hit the brown ugly thing.
You touch the brown ugly thing!
The brown ugly thing is severely wounded.
The brown ugly thing bites you. The acid corrodes you!
You are splashed with acid.
You take 9 damage, and have 37/84 hp.
You closely miss the brown ugly thing. Your touch misses the brown ugly thing.
The brown ugly thing is heavily wounded.
The brown ugly thing bites you! The acid corrodes you!
You are splashed with acid!
* * * LOW HITPOINT WARNING * * *
You take 18 damage, and have 19/84 hp.
MASSIVE DAMAGE!!
The brown ugly thing attacks as you move away!
The brown ugly thing bites you!
* * * LOW HITPOINT WARNING * * *
You are splashed with acid!
You die...

#....)# #.....# #
############.## #
#.....# #...# #
#.....# #.).#
#.....#####...#######
#....................
#........###.####.###
#...@u...+...........
#........###.#.##.###
#........###......#
#.....##.....#.#..#
#.....######......###
#.....# #.#.......
####.## #.#.#..###
#....#######.#.......
#............#.#..##.


You could see a brown ugly thing.

Vanquished Creatures
  Pikel (D:6)
  The ghost of purpskrrrp the Chopper, a novice GrFi (D:6)
  Maggie (D:10)
  3 trolls (D:10)
  A hornet (D:9)
  Prince Ribbit (D:5)
  3 yaks (D:9)
  A steam dragon (D:8)
  2 water moccasins
  9 orc warriors
  2 sky beasts (D:7)
  An ogre (D:5)
  4 centaurs
  A lemure (D:6)
  2 phantoms
  5 kobold brigands
  3 necrophages
  4 bullfrogs
  3 scorpions
  8 wights
  16 killer bees
  5 howler monkeys
  A jelly (D:6)
  Crazy Yiuf (D:5)
  5 hounds
  6 orc priests
  A gnoll bouda (D:5)
  Ijyb (D:3)
  3 iguanas
  Natasha (thrice) (D:2)
  9 orc wizards
  Robin (D:2)
  17 gnolls
  8 adders
  3 shadow imps (D:7)
  A white imp (D:7)
  6 worms
  53 orcs
  5 bats
  6 endoplasms
  7 giant cockroaches
  10 hobgoblins
  8 quokkas
  6 frilled lizards
  22 goblins
  32 kobolds
  5 rats
297 creatures vanquished.

Vanquished Creatures (collateral kills)
  An orc warrior (D:10)
  An orc (D:10)
2 creatures vanquished.

Vanquished Creatures (others)
  A dancing weapon (Bailey)
  157 foxfires
158 creatures vanquished.

Grand Total: 457 creatures vanquished

Notes
Turn   | Place    | Note
-------+----------+-------------------------------------------
     0 | D:1      | jasper the Demonspawn Cinder Acolyte began the quest for
                  | the Orb.
     0 | D:1      | Reached XP level 1. HP: 18/18 MP: 2/2
   227 | D:1      | Found a faded altar of an unknown god.
   372 | D:1      | Reached skill level 3 in Unarmed Combat
   401 | D:2      | Gained mutation: Spells you cast may paralyse adjacent
                  | enemies. [demonic ancestry]
   401 | D:2      | Reached XP level 2. HP: 5/24 MP: 3/3
   532 | D:2      | Reached skill level 1 in Armour
   532 | D:2      | Gained mutation: Your movements are slightly less
                  | encumbered by armour. (ER -2) [demonic ancestry]
   532 | D:2      | Reached XP level 3. HP: 4/29 MP: 4/4
   755 | D:2      | Noticed Robin
   764 | D:2      | Killed Robin
   765 | D:2      | Gained mutation: Your touch may inflict minor irresistible
                  | damage on your foes. [demonic ancestry]
   765 | D:2      | Reached XP level 4. HP: 29/36 MP: 5/5
  1005 | D:2      | Noticed Natasha
  1017 | D:2      | Killed Natasha
  1018 | D:2      | Reached skill level 4 in Unarmed Combat
  1088 | D:2      | Noticed Natasha
  1102 | D:2      | Killed Natasha
  1103 | D:2      | Reached XP level 5. HP: 22/42 MP: 6/6
  1271 | D:2      | Noticed Natasha
  1285 | D:2      | Killed Natasha
  1938 | D:3      | Noticed Ijyb
  1943 | D:3      | Killed Ijyb
  1944 | D:3      | Reached skill level 5 in Unarmed Combat
  2011 | D:3      | Reached XP level 6. HP: 41/49 MP: 7/7
  3194 | D:4      | Found Ziurhib's Antique Weapon Emporium.
  3372 | D:5      | Entered Level 5 of the Dungeon
  3418 | D:5      | Noticed Prince Ribbit
  3426 | D:5      | Killed Prince Ribbit
  3427 | D:5      | Reached skill level 5 in Fighting
  3427 | D:5      | Reached skill level 6 in Unarmed Combat
  3427 | D:5      | Reached XP level 7. HP: 25/56 MP: 8/8
  4051 | D:6      | Reached skill level 7 in Unarmed Combat
  4170 | D:6      | Found a runed translucent door.
  4170 | D:6      | Noticed purpskrrrp's ghost (novice GrFi)
  4427 | D:6      | Noticed Pikel
  4440 | D:6      | Killed Pikel
  4441 | D:6      | Reached skill level 8 in Unarmed Combat
  4441 | D:6      | Gained mutation: A meltable shield of frost defends you.
                  | (SH +4) [demonic ancestry]
  4441 | D:6      | Reached XP level 8. HP: 53/65 MP: 9/9
  4651 | D:6      | Found a staircase to the Ecumenical Temple.
  4843 | D:5      | Reached skill level 9 in Unarmed Combat
  5306 | D:5      | Reached XP level 9. HP: 72/72 MP: 10/10
  5440 | D:5      | Found a runed translucent door.
  5441 | D:5      | Noticed Crazy Yiuf
  5449 | D:5      | Killed Crazy Yiuf
  6203 | D:6      | Found Niomypp's General Store.
  6205 | D:6      | Found Copeajoq's Specific Store.
  6772 | D:6      | Reached skill level 10 in Unarmed Combat
  7099 | D:7      | Reached skill level 1 in Dodging
  7147 | D:7      | Found a runed translucent door.
  7147 | D:7      | Noticed hikkokomori's ghost (novice TeHu)
  7577 | D:7      | Learned a level 1 spell: Kiss of Death
  7580 | D:7      | Learned a level 2 spell: Blink
  7583 | D:7      | Learned a level 2 spell: Wereblood
  7587 | D:7      | Learned a level 3 spell: Mephitic Cloud
  8388 | D:8      | Noticed a moth of wrath
  8388 | D:8      | Found a bloodstained altar of Trog.
  8674 | D:8      | Found a broken altar of Ashenzari.
  8693 | D:8      | Learned a level 3 spell: Tukima's Dance
  8885 | D:8      | Reached skill level 1 in Hexes
  9031 | D:8      | Gained mutation: Your touch may inflict irresistible damage
                  | on your foes. [demonic ancestry]
  9031 | D:8      | Reached XP level 10. HP: 36/79 MP: 11/11
  9758 | D:9      | Found a staircase to the Lair.
  9830 | D:9      | Found a flagged portal.
  9836 | D:9      | Found a staircase to the Orcish Mines.
 10166 | Bailey   | Entered a bailey
 10260 | Bailey   | Reached skill level 5 in Hexes
 10363 | Bailey   | Reached skill level 1 in Transmutations
 10504 | Bailey   | Gained mutation: Your movements are less encumbered by
                  | armour. (ER -4) [demonic ancestry]
 10504 | Bailey   | Reached XP level 11. HP: 84/84 MP: 12/12
 10595 | Bailey   | Reached skill level 1 in Translocations
 11284 | D:9      | Found a snail-covered altar of Cheibriados.
 11299 | D:9      | Found an opulent altar of Gozag.
 11603 | D:9      | Found a hazy altar of Hepliaklqana.
 11925 | D:10     | Entered Level 10 of the Dungeon
 12186 | D:10     | Reached skill level 1 in Poison Magic
 12192 | D:10     | Reached skill level 1 in Conjurations
 12254 | D:10     | Reached skill level 1 in Air Magic
 12567 | D:10     | Found a radiant altar of Vehumet.
 12576 | D:10     | Found a large runed translucent door.
 12576 | D:10     | Found a large runed translucent door.
 12686 | D:10     | Noticed Maggie
 12697 | D:10     | Killed Maggie
 12835 | D:10     | Noticed dang3rdave's ghost (novice HOMo)
 13191 | D:6      | Killed purpskrrrp's ghost
 13411 | D:11     | Noticed a centaur warrior
 13414 | D:11     | Noticed a brown ugly thing
 13515 | D:10     | Splashed by a brown ugly thing's acid

Illustrated notes

Levels and vault maps discovered:
D:1:      dpeg_arrival_ternary, layout_loops_ring, basic_ecumenical_altar,
          minmay_misc_feat_plants, dk_noncrumbling_4
D:2:      layout_basic, uniq_robin, uniq_natasha
D:3:      minmay_diamond_boxcup, layout_rooms, uniq_ijyb
D:4:      layout_cave_pods, serial_shops, nicolae_shop_trees, minmay_distorted
D:5:      layout_basic, uniq_crazy_yiuf_cottage, uniq_prince_ribbit1
D:6:      layout_gridville, mainiacjoe_overflow_cross_hatched, temple_statues,
          hellmonk_ghost_happy_afterlife, serial_rivers,
          chequers_serial_rivers_micro_b, chequers_serial_rivers_marsh,
          chequers_serial_rivers_room_b, chequers_serial_rivers_small_b,
          nrook_pool_corridor, nicolae_specific_store,
          hangedman_abyss_or_decor_passed, uniq_pikel
D:7:      corexii_shantytown, layout_basic, gammafunk_ghost_grave,
          chequers_serial_rivers_room_b
D:8:      layout_loops_corners, evilmike_ruin_ashenzari, tgw_trog
D:9:      layout_basic, nicolae_gozag_cash_rules_everything_around_me,
          nicolae_hepliaklqana_hippocampus, mainiacjoe_overflow_catwalk,
          lair_entry_dummy, orc_0_dummy, enter_bailey_2,
          minmay_fractal_squares_gapless_5
D:10:     layout_basic, vehumet_crystals, ebering_ghost_disaster_area,
          uniq_maggie
D:11:     layout_layer_cave, hangedman_corner_corridor

Skill      XL: |  1  2  3  4  5  6  7  8  9 10 11 |
---------------+----------------------------------+-----
Unarmed Combat | 3 4 5 6 8 9 10 | 10.0
Armour         | 1 4 |  4.4
Fighting       | 4 5 6 7 |  7.0
Dodging        | 4 |  4.0
Hexes          | 2 5 |  5.1
Transmutations | 9 |  9.0
Translocations | 4 |  4.0
Poison Magic   | 2 |  2.4
Conjurations   | 2 |  2.4
Air Magic      | 2 |  2.2
Spellcasting   | |  1.0
Fire Magic     | |  2.6

Action                   |  1- 3 |  4- 6 |  7- 9 | 10-12 || total
-------------------------+-------+-------+-------+-------++-------
Melee: Unarmed           |    31 |   167 |   377 |   317 ||   892
       Punch             |     1 |     4 |    15 |    25 ||    45
       Touch             |       |    24 |    69 |    49 ||   142
Throw: Dart              |       |       |     2 |     5 ||     7
 Cast: Tukima's Dance    |       |       |       |    10 ||    10
       Wereblood         |       |       |       |     5 ||     5
       Mephitic Cloud    |       |       |       |     2 ||     2
Invok: Foxfire Swarm     |     5 |     4 |       |       ||     9
Evoke: Wand              |       |     4 |    10 |       ||    14
  Use: Potion            |     1 |       |     1 |     3 ||     5
       Scroll            |       |     8 |    14 |     4 ||    26
 Stab: Paralysed         |       |     4 |     6 |       ||    10
       Distracted        |       |       |       |     1 ||     1
Armor: Robe              |     1 |     2 |       |       ||     3
       Scale mail        |       |    50 |    57 |       ||   107
       Ring mail         |       |       |    32 |   110 ||   142
       Swamp dragon scal |       |       |       |    10 ||    10
Dodge: Dodged            |    22 |    82 |   174 |   346 ||   624
Block: Other             |       |       |    39 |    67 ||   106

Table legend: (Time is in decaauts)
 A = Elapsed time spent in this place.
 B = Non-inter-level travel time spent in this place.
 C = Inter-level travel time spent in this place.
 D = Time resting spent in this place.
 E = Time spent auto-exploring this place.
 F = Levels seen in this place.
 G = Mean time per level.
                   A        B        C        D        E       F      G
               +--------+--------+--------+--------+--------+-----+--------+
         Total |  13412 |  12563 |    849 |   2089 |   7837 |  12 | 1117.7 |
       Dungeon |  12669 |  11820 |    849 |   1795 |   7674 |  11 | 1151.7 |
        Bailey |    742 |    742 |      0 |    294 |    163 |   1 |  742.0 |
               +--------+--------+--------+--------+--------+-----+--------+

Top non-repeatable levels by time:
     D:6: 1880 daAuts
     D:8: 1592 daAuts
     D:7: 1412 daAuts
    D:10: 1326 daAuts
     D:2: 1263 daAuts
     D:9: 1251 daAuts
     D:5: 1201 daAuts
     D:3: 1019 daAuts
     D:4: 908 daAuts
     D:1: 802 daAuts
  Bailey: 742 daAuts
    D:11: 11 daAuts
